 Dungeon Crawl Stone Soup version 0.28-a0-724-g66f9036eb4 (webtiles) character file.

Game seed: 2620270429203028172

48 flotson the Sneak (level 3, -3/29 HPs)
             Began as a Demonspawn Delver on Oct 26, 2021.
             Slain by Dowan (6 damage)
             ... on level 4 of the Dungeon.
             The game lasted 00:02:04 (910 turns).

flotson the Sneak (Demonspawn Delver)                Turns: 910, Time: 00:02:05

Health: -3/29      AC:  3    Str: 13    XL:     3   Next: 50%
Magic:  3/3        EV: 12    Int: 11    God:
Gold:   20         SH:  0    Dex: 14    Spells: 2/2 levels left

rFire   . . .      SeeInvis .   a - +0 hand axe
rCold   . . .      Faith    .   (no shield)
rNeg    . . .      Spirit   .   b - +0 leather armour
rPois   .          Reflect  .   (helmet restricted)
rElec   .          Harm     .   (no cloak)
rCorr   .          Rampage  .   (no gloves)
Will    .....                   (no boots)
Stlth   ++........              (no amulet)
HPRegen 0.09/turn               (no ring)
MPRegen 0.08/turn               (no ring)

@: no status effects
A: antennae 1, condensation shield
a: no special abilities


You were on level 4 of the Dungeon.
You visited 1 branch of the dungeon, and saw 2 of its levels.

You collected 20 gold pieces.

Inventory:

Hand Weapons
 a - a +0 hand axe (weapon)
Armour
 b - a +0 leather armour (worn)
Wands
 g - a wand of digging (3)
Scrolls
 c - a scroll of fog
 d - a scroll of magic mapping
 e - a scroll of fear
 f - a scroll of summoning {unknown}
 h - a scroll of amnesia {unknown}
 i - a scroll of identify {unknown}
Potions
 j - a potion of cancellation {unknown}


   Skills:
 + Level 3.4 Fighting
 + Level 2.3 Axes
 + Level 1.2 Armour
 + Level 2.3 Dodging
 - Level 4.5 Stealth


You had 2 spell levels left.
You didn't know any spells.
Your spell library was empty.

Dungeon Overview and Level Annotations

Branches:
Dungeon (5/15)
 Temple: D:4-7

Altars:
Fedhas
Gozag
Makhleb

Annotations:
D:4 Dowan, Duvessa


Innate Abilities, Weirdness & Mutations

You have a pair of small antennae on your head.
A meltable shield of frost defends you. (SH +0)


Message History

An endoplasm comes into view.
Duvessa, Sister of Dowan comes into view.
She is wielding a +0 short sword.
Duvessa shouts!
The endoplasm quivers.
Dowan, Brother of Duvessa comes into view.
He is wielding a +0 dagger.
Dowan shouts!
You hit the endoplasm.
The endoplasm is almost dead.
The endoplasm freezes you.
You are frozen.
You hit the endoplasm but do no damage.
The endoplasm is almost dead.
Dowan smirks and points a slender finger.
Dowan mumbles some strange words.
Dowan blinks!
The endoplasm freezes you.
You are frozen.
You hit the endoplasm.
You kill the endoplasm!
Dowan says, "My weaknesses are her strengths!"
Duvessa hits you with a +0 short sword!
You open the door.
There is an open door here.
Duvessa says, "Where magic fails, the sword succeeds!"
Dowan mumbles some strange words.
Dowan blinks!
Dowan gestures wildly while chanting.
Dowan blinks!
Dowan points at you and mumbles some strange words.
You resist with significant effort.
Dowan points at you and mumbles some strange words.
The puff of flame hits you.
Your condensation shield dissipates!
* * * LOW HITPOINT WARNING * * *
Dowan gestures wildly while chanting.
Dowan blinks!
Dowan hits you with a +0 dagger.
* * * LOW HITPOINT WARNING * * *
Dowan hits you with a +0 dagger.
You die...

#.........#............
#.........#............
#.........#............
#.........#............
#.........#.......)....
#.........#######......
#####.e#### #......
#e.# #...... #.@#
#...... #..# #......
#..##########......
##>................
#############.##'#
#.##.# #.##.# #.##.#
#.##.#


You could see Duvessa and Dowan.

Vanquished Creatures
  A hound (D:4)
  An adder (D:5)
  An ufetubus (D:4)
  An endoplasm (D:4)
  A goblin (D:4)
  A kobold (D:4)
6 creatures vanquished.

Vanquished Creatures (others)
  A plant (D:4)
1 creature vanquished.

Grand Total: 7 creatures vanquished

Notes
Turn   | Place    | Note
-------+----------+-------------------------------------------
     0 | D:5      | flotson the Demonspawn Delver began the quest for the Orb.
     0 | D:5      | Reached XP level 1. HP: 18/18 MP: 1/1
    17 | D:5      | Noticed a hound
    32 | D:4      | Killed a hound
    33 | D:4      | Reached skill level 1 in Armour
    33 | D:4      | Gained mutation: You have a pair of small antennae on your
                  | head. [demonic ancestry]
    33 | D:4      | Reached XP level 2. HP: 10/24 MP: 2/2
    33 | D:4      | Gained mutation: A meltable shield of frost defends you.
                  | (SH +0) [demonic ancestry]
    33 | D:4      | Reached XP level 3. HP: 12/29 MP: 3/3
   250 | D:4      | Found a blossoming altar of Fedhas.
   254 | D:4      | Found an opulent altar of Gozag.
   269 | D:4      | Found a burning altar of Makhleb.
   347 | D:5      | Noticed an ogre
   429 | D:5      | Noticed a scorpion
   832 | D:4      | Noticed a lemure
   832 | D:4      | Noticed a lemure
   874 | D:4      | Noticed Duvessa
   876 | D:4      | Noticed Dowan
   910 | D:4      | Slain by Dowan

Illustrated notes

Levels and vault maps discovered:
D:4:      layout_basic, gammafunk_temple_overflow_forgotten, uniq_grinder,
          uniq_pikel, uniq_blork_the_orc, uniq_duvessa
D:5:      layout_cave_pods, okawaru_gym_becter, general_overflow_altar,
          portal_sewer_entry_e, serial_shops, shop

Skill      XL: |  1 |
---------------+----+-----
Axes           | 2 |  2.3
Armour         | 1 |  1.2
Dodging        | 2 |  2.3
Fighting       | |  3.4
Stealth        | |  4.5

Action                   || total
-------------------------++-------
Melee: Hand axe          ||    34
  Use: Potion            ||     1
Armor: Leather armour    ||     8
Dodge: Dodged            ||    28
Block: Other             ||     6

Table legend: (Time is in decaauts)
 A = Elapsed time spent in this place.
 B = Non-inter-level travel time spent in this place.
 C = Inter-level travel time spent in this place.
 D = Time resting spent in this place.
 E = Time spent auto-exploring this place.
 F = Levels seen in this place.
 G = Mean time per level.
                   A        B        C        D        E       F      G
               +--------+--------+--------+--------+--------+-----+--------+
         Total |    899 |    820 |     79 |      0 |    589 |   2 |  449.5 |
       Dungeon |    899 |    820 |     79 |      0 |    589 |   2 |  449.5 |
               +--------+--------+--------+--------+--------+-----+--------+

Top non-repeatable levels by time:
     D:4: 774 daAuts
     D:5: 125 daAuts
